 Dungeon Crawl Stone Soup version 0.31-a0-435-g2c6fae2916 (webtiles) character file.

Game seed: 14545003660441961830

783 randomguy2701 the Chopper (level 7, -2/61 HPs)
             Began as a Minotaur Fighter on Aug 2, 2023.
             Was a Follower of Okawaru.
             Slain by a scorpion (6 damage)
             ... on level 5 of the Dungeon.
             The game lasted 00:03:31 (3606 turns).

randomguy2701 the Chopper (Minotaur Fighter)        Turns: 3606, Time: 00:03:31

Health: -2/61      AC: 10    Str: 21    XL:     7   Next: 55%
Magic:  7/8        EV: 10    Int:  5    God:    Okawaru [*.....]
Gold:   158        SH:  0    Dex: 11    Spells: 6/6 levels left

rFire   . . .        o - +0 hand axe (elec)
rCold   . . .        c - +0 buckler
rNeg    . . .        b - +0 scale mail
rPois   .            (helmet restricted)
rElec   .            s - +2 cloak
rCorr   .            (no gloves)
SInv    .            (no boots)
Will    .....        (no amulet) Stlth
                     (no ring)
HPRegen 0.30/turn    (no ring)
MPRegen 0.11/turn

%: no passive effects
@: confused, lethally poisoned (-2 -> -11)
A: horns 2, retaliatory headbutt
a: Renounce Religion, Heroism


You were on level 5 of the Dungeon.
You worshipped Okawaru.
Okawaru was aware of your devotion.
You visited 1 branch of the dungeon, and saw 5 of its levels.

You collected 158 gold pieces.

Inventory:

Hand Weapons
 a - a +0 war axe
 o - a +0 hand axe of electrocution (weapon)
Armour
 b - a +0 scale mail (worn)
 c - a +0 buckler (worn)
 s - a +2 cloak (worn)
Jewellery
 i - a ring of magical power
Wands
 l - a wand of flame (5)
Scrolls
 e - a scroll of fear {unknown}
 g - a scroll of noise {unknown}
 h - 3 scrolls of vulnerability {unknown}
 m - 2 scrolls of amnesia {unknown}
 n - a scroll of enchant weapon {unknown}
 p - 2 scrolls of teleportation {unknown}
 q - 2 scrolls of blinking {unknown}
Potions
 d - a potion of might
 f - 3 potions of degeneration {unknown}
 j - 2 potions of lignification {unknown}
 k - a potion of brilliance {unknown}
 r - a potion of berserk rage {unknown}


   Skills:
 + Level 5.1 Fighting
 + Level 7.1 Axes
 + Level 5.6 Armour
 + Level 1.3 Dodging
 + Level 4.7 Shields
 * Level 2.7 Invocations


You had 6 spell levels left.
You didn't know any spells.
Your spell library contained the following spells:

 Spells                   Type           Power      Damage    Failure   Level
 Apportation              Tloc           0%         N/A       86%         1
 Necrotise                Necr           0%         1d4       86%         1
 Blink                    Tloc           0%         N/A       94%         2
 Lesser Beckoning         Tloc           0%         N/A       94%         2
 Momentum Strike          Conj/Tloc      0%         3d8       94%         2
 Summon Small Mammal      Summ           Unusable   N/A       N/A         1
 Malign Gateway           Summ/Tloc      Unusable   N/A       N/A         7
 Summon Horrible Things   Summ           Unusable   N/A       N/A         8

Dungeon Overview and Level Annotations

Branches:
Dungeon (5/15)
 Temple: D:4-7

Altars:
Nemelex Xobeh
Okawaru


Innate Abilities, Weirdness & Mutations

You have a pair of horns on your head.
You reflexively headbutt those who attack you in melee.


Message History

The puff of flame hits you.
You closely miss the scorpion. You hit something.
You feel very sick. The scorpion closely misses you. You furiously retaliate!
You headbutt the scorpion.
You hear some strange, mumbled words.
A magic dart appears from out of thin air!
The magic dart hits you!
You barely miss the scorpion.
The scorpion is moderately wounded.
You hit something but do no damage.
You feel very sick. You block the scorpion's attack. Something hits you.
* * * LOW HITPOINT WARNING * * *
You slash the scorpion!
The scorpion is severely wounded.
You barely miss something.
You feel sick. You block the scorpion's attack. You block something's attack.
Unknown command.
You closely miss the scorpion.
The scorpion is severely wounded.
You hit something.
You feel sick. The scorpion stings you.
* * * LOW HITPOINT WARNING * * *
You are lethally poisoned!
The scorpion poisons you!
You hear some strange, mumbled words.
You are confused.
You hit the scorpion but do no damage.
You headbutt the scorpion, but do no damage.
The scorpion is severely wounded.
You closely miss something.
* * * LOW HITPOINT WARNING * * *
You feel very sick. The scorpion closely misses you.
The scorpion stings you but does no damage.
Something hits you but does no damage.
* * * LOW HITPOINT WARNING * * *
You feel very sick. The scorpion stings you.
You die...

........... ..... .....
..........# ....# ##....
..........##...# ###.....
#.........#....####.......
...............##.......
..............##........
... #)))........#........
....#..s@{...............
....#..)......#.....<.#..
..........$..###.###..#<..
............####.###..##..
............###......#....
....##.......# #...#..##
###........#....##.......#
#.......#.#.^..##..#..#..
#......#####..##...#.##..


You could see a scorpion.

Vanquished Creatures
  A black bear (D:4)
  3 phantoms (D:5)
  2 scorpions
  An orc priest (D:5)
  A gnoll bouda (D:4)
  2 iguanas (D:5)
  Natasha (thrice) (D:2)
  5 gnolls
  4 adders
  A dart slug (D:3)
  7 orcs
  11 endoplasms
  6 goblins
  8 hobgoblins
  5 jackals
  4 quokkas
  A ball python (D:3)
  6 bats
  A frilled lizard (D:1)
  7 kobolds
  7 rats
86 creatures vanquished.

Notes
Turn   | Place    | Note
-------+----------+-------------------------------------------
     0 | D:1      | randomguy2701 the Minotaur Fighter began the quest for the
                  | Orb.
     0 | D:1      | Reached XP level 1. HP: 19/19 MP: 0/0
   142 | D:1      | Found a faded altar of an unknown god.
   201 | D:1      | Reached XP level 2. HP: 24/27 MP: 1/1
   403 | D:1      | Reached XP level 3. HP: 33/33 MP: 2/2
   715 | D:1      | Reached skill level 3 in Axes
  1333 | D:2      | Noticed Natasha
  1339 | D:2      | Killed Natasha
  1340 | D:2      | Reached XP level 4. HP: 32/40 MP: 3/3
  1533 | D:2      | Noticed Natasha
  1538 | D:2      | Killed Natasha
  1539 | D:2      | Reached skill level 4 in Axes
  1719 | D:2      | Noticed Natasha
  1725 | D:2      | Killed Natasha
  1952 | D:3      | Reached XP level 5. HP: 43/46 MP: 4/4
  2119 | D:3      | Found an iron altar of Okawaru.
  2121 | D:3      | Reached skill level 5 in Axes
  2135 | D:3      | Became a worshipper of Warmaster Okawaru
  2415 | D:3      | Found a sparkling altar of Nemelex Xobeh.
  2642 | D:4      | Noticed a black bear
  2650 | D:4      | Killed a black bear
  2651 | D:4      | Reached skill level 1 in Invocations
  2730 | D:4      | Reached XP level 6. HP: 53/53 MP: 5/5
  2864 | D:4      | Reached skill level 6 in Axes
  2974 | D:4      | Reached skill level 5 in Armour
  3360 | D:5      | Entered Level 5 of the Dungeon
  3370 | D:5      | Reached * piety under Okawaru
  3371 | D:5      | Reached skill level 1 in Dodging
  3371 | D:5      | Reached XP level 7. HP: 43/60 MP: 7/7
  3560 | D:5      | Reached skill level 5 in Fighting
  3600 | D:5      | Reached skill level 7 in Axes
  3606 | D:5      | Slain by a scorpion

Illustrated notes

Levels and vault maps discovered:
D:1:      wander_arrival_desolate, layout_loops_ring,
          hellmonk_ecumenical_altar_pennies_from_heaven, minivault_25,
          minivault_24, hangedman_feature_mirror
D:2:      layout_loops_ring, chequers_big_river, kennysheep_decorative_pillar,
          minmay_pentomino_u2, uniq_natasha
D:3:      layout_loops_ring, mainiacjoe_overflow_alcove_1,
          nemelex_xobeh_ov_fountains_minmay
D:4:      layout_gridville
D:5:      layout_cave_pools, temple_hall

Skill      XL: |  1  2  3  4  5  6  7 |
---------------+----------------------+-----
Shields        | 4 |  4.7
Fighting       | 4 5 |  5.1
Armour         | 4 5 |  5.6
Axes           | 3 4 5 6 7 |  7.1
Invocations    | 1 2 |  2.7
Dodging        | 1 |  1.3

Action                     |  1- 3 |  4- 6 |  7- 9 || total
---------------------------+-------+-------+-------++-------
  Melee: War axe           |    64 |    31 |       ||    95
         Headbutt          |     6 |     9 |     7 ||    22
         Hand axe          |       |    59 |    30 ||    89
 Armour: Scale mail        |    24 |    38 |    14 ||    76
  Dodge: Dodged            |    31 |    29 |     7 ||    67
  Block: Buckler           |    12 |    19 |     7 ||    38

Table legend: (Time is in decaauts)
 A = Elapsed time spent in this place.
 B = Non-inter-level travel time spent in this place.
 C = Inter-level travel time spent in this place.
 D = Time resting spent in this place.
 E = Time spent auto-exploring this place.
 F = Levels seen in this place.
 G = Mean time per level.
                   A        B        C        D        E       F      G
               +--------+--------+--------+--------+--------+-----+--------+
         Total |   3661 |   3355 |    306 |      0 |   2872 |   5 |  732.2 |
       Dungeon |   3661 |   3355 |    306 |      0 |   2872 |   5 |  732.2 |
               +--------+--------+--------+--------+--------+-----+--------+

Top non-repeatable levels by time:
     D:2: 1067 daAuts
     D:3: 839 daAuts
     D:1: 828 daAuts
     D:4: 680 daAuts
     D:5: 245 daAuts
